 Dungeon Crawl Stone Soup version 0.29.1-15-g9cfb28693d (webtiles) character file.

Game seed: 12792273367681065062

256 hawla the Firebug (level 6, -4/45 HPs)
             Began as a Meteoran Fire Elementalist on Mar 2, 2023.
             Slain by a black bear (6 damage)
             ... on level 4 of the Dungeon.
             The game lasted 00:05:20 (987 turns).

hawla the Firebug (Meteoran Fire Elementalist)       Turns: 987, Time: 00:05:20

Health: -4/45      AC:  2    Str: 10    XL:     6   Next: 67%
Magic:  13/13      EV: 13    Int: 18    God:
Gold:   78         SH:  0    Dex: 15    Spells: 6/13 levels left

rFire   + . .      SeeInvis .   n - staff of fire
rCold   . . .      Faith    .   (no shield)
rNeg    . . .      Spirit   .   a - +0 robe
rPois   .          Reflect  .   (no helmet)
rElec   .          Harm     .   (no cloak)
rCorr   .          Rampage  .   (no gloves)
Will    .....                   (no boots)
Stlth   +.........              (no amulet)
HPRegen 0.15/turn               e - ring of flight
MPRegen 0.13/turn               (no ring)

@: flying, glowing
A: sense surroundings 1, otherworldly, glowing, explore regen
a: no special abilities


You were on level 4 of the Dungeon.
You visited 1 branch of the dungeon, and saw 4 of its levels.

You collected 78 gold pieces.

Inventory:

Armour
 a - a +0 robe (worn)
Magical Staves
 n - a staff of fire (weapon)
Jewellery
 e - a ring of flight (left hand)
Scrolls
 c - a scroll of summoning {unknown}
 g - a scroll of immolation {unknown}
 h - a scroll of blinking {unknown}
 l - a scroll of teleportation {unknown}
 m - a scroll of amnesia {unknown}
 o - a scroll of identify {unknown}
Potions
 d - a potion of berserk rage {unknown}
 f - 3 potions of cancellation {unknown}
 i - a potion of lignification {unknown}
 j - 3 potions of attraction {unknown}
 k - a potion of curing {unknown}
 p - a potion of haste {unknown}
 q - a potion of brilliance {unknown}


   Skills:
 - Level 0.2 Fighting
 + Level 2.3 Staves
 - Level 3.3 Dodging
 - Level 1.4 Stealth
 - Level 4.0 Spellcasting
 - Level 4.6 Conjurations
 - Level 4.6 Fire Magic


You had 6 spell levels left.
You knew the following spells:

 Your Spells              Type           Power      Damage    Failure   Level
a - Foxfire               Conj/Fire      100%       2x1d9     2%          1
b - Scorch                Fire           60%        2d8       3%          2
c - Flame Wave            Conj/Fire      30%        2d9       22%         4

Your spell library contained the following spells:

 Spells                   Type           Power      Damage    Failure   Level
 Conjure Flame            Conj/Fire      30%        6-21      7%          3
 Slow                     Hex            12%        N/A       14%         1
 Sting                    Tmut/Pois      12%        1d3       14%         1
 Inner Flame              Hex/Fire       17%        N/A       17%         3
 Poisonous Vapours        Pois/Air       6%         N/A       22%         2
 Confusing Touch          Hex            3%         N/A       41%         3
 Ozocubu's Armour         Ice            3%         N/A       41%         3
 Vampiric Draining        Necr           3%         2d6       41%         3
 Olgreb's Toxic Radiance  Pois           3%         N/A       82%         4
 Metabolic Englaciation   Hex/Ice        1%         N/A       99%         5
 Simulacrum               Ice/Necr       1%         N/A       100%        6


Dungeon Overview and Level Annotations

Branches:
Dungeon (4/15) Zot: 1413
 Temple: D:4-7

Altars:


Innate Abilities, Weirdness & Mutations

You passively map a small area around you.
You are easily found by Zot.
You glow in the dark.
You regain HP and MP as you explore.


Message History

You feel a surge of power!
Flames lash the orc wizard.
The orc wizard is burned terribly!
You kill the orc wizard!
Your Staves skill increases to level 2!
Unknown command.
Casting: Scorch (safe; 3% risk of failure)
Confirm with . or Enter, or press ? or * to list all spells.
You feel a surge of power!
You conjure some foxfire!
The foxfire hits the black bear.
The black bear is moderately wounded.
The foxfire hits the black bear.
The black bear is heavily wounded.
The foxfire hits the black bear!
The black bear is severely wounded.
The black bear goes berserk!
Your magical contamination has completely faded away.
The black bear misses you.
The black bear claws you but does no damage.
The black bear misses you. The black bear bites you!
The black bear closely misses you. The black bear claws you.
The black bear attacks as you move away!
The black bear barely misses you. x2; The black bear closely misses you.
The black bear attacks as you move away!
The black bear bites you!
* * * LOW HITPOINT WARNING * * *
The black bear claws you but does no damage.
The black bear closely misses you.
The black bear rages.
The black bear bites you.
* * * LOW HITPOINT WARNING * * *
The black bear claws you.
* * * LOW HITPOINT WARNING * * *
The black bear closely misses you. Magic courses through your body.
The black bear bites you.
* * * LOW HITPOINT WARNING * * *
The black bear claws you.
* * * LOW HITPOINT WARNING * * *
The black bear claws you.
You die...

# ########.... , #
#..........#** * *
####.##.#.##).####..## ,
........#.##..)))†...# *
####.##...##.#####...###*
####......##.# *......
..##.........#####...### ,
..##.#.......#.......... ,
, .....#.........h@.......
..##.#....##.#.......... *
* ..##.#..#.##.#####......
* ..##.........# #...###*
, , #.##.#..####### #...#
* , * #.##.#........#
#...#
.........####.####...#
######.##
#.##.##..##....).....#
#... ,..#
#.##.....##.#†####...###.#
..##


You could see a black bear (berserk).

Vanquished Creatures
  A centaur (D:4)
  A jelly (D:4)
  A hound (D:4)
  An orc wizard (D:4)
  3 adders
  3 worms (D:2)
  2 dart slugs (D:1)
  4 orcs (D:4)
  4 ball pythons
  3 bats
  5 endoplasms
  A hobgoblin (D:1)
  4 jackals (D:2)
  2 quokkas
  A frilled lizard (D:1)
  2 goblins
  5 kobolds
  6 rats
49 creatures vanquished.

Vanquished Creatures (others)
  110 foxfires
  A plant (D:3)
111 creatures vanquished.

Grand Total: 160 creatures vanquished

Notes
Turn   | Place    | Note
-------+----------+-------------------------------------------
     0 | D:1      | hawla the Meteoran Fire Elementalist began the quest for
                  | the Orb.
     0 | D:1      | Reached XP level 1. HP: 14/14 MP: 5/5
   121 | D:1      | Found a faded altar of an unknown god.
   161 | D:1      | Reached XP level 2. HP: 4/20 MP: 2/6
   238 | D:1      | Reached XP level 3. HP: 12/26 MP: 2/8
   241 | D:1      | Learned a level 2 spell: Scorch
   524 | D:2      | Reached XP level 4. HP: 33/33 MP: 3/9
   529 | D:2      | Learned a level 4 spell: Flame Wave
   858 | D:4      | Reached XP level 5. HP: 38/38 MP: 7/12
   926 | D:4      | Noticed a centaur
   934 | D:4      | HP: 1/38 [centaur (1)]
   935 | D:4      | Killed a centaur
   936 | D:4      | Reached XP level 6. HP: 1/45 MP: 5/13
   974 | D:4      | Reached skill level 1 in Staves
   974 | D:4      | Noticed a black bear
   987 | D:4      | HP: 2/45 [black bear (4)]
   987 | D:4      | Slain by a black bear

Illustrated notes

Levels and vault maps discovered:
D:1:      nzn_arrival_crosshair, layout_loops_cross,
          shapermc_ecumenical_altar_notcrosses, minmay_misc_feat_cross
D:2:      layout_loops_ring
D:3:      layout_basic, hangedman_abyss_or_decor_lesser_grid, corexii_shack,
          bh_walls_and_bars
D:4:      layout_loops_cross, kennysheep_mini, uniq_pikel

Skill      XL: |  1  2  3  4  5  6 |
---------------+-------------------+-----
Dodging        | 3 |  3.3
Spellcasting   | 3 4 |  4.0
Fire Magic     | 4 |  4.6
Conjurations   | 2 4 |  4.6
Staves         | 2 |  2.3
Fighting       | |  0.2
Stealth        | |  1.4

Action                   |  1- 3 |  4- 6 || total
-------------------------+-------+-------++-------
Melee: Unarmed           |    10 |     4 ||    14
 Cast: Foxfire           |    37 |    30 ||    67
       Scorch            |     4 |    15 ||    19
  Use: Potion            |       |     1 ||     1
Armor: Robe              |     8 |     6 ||    14
Dodge: Dodged            |    17 |    20 ||    37
